Boisbriand Armada vs Drummondville Voltigeurs

Created - 23 septembre 2021 at 11:23

Simulating a Pre-Season

Goals
1 2 3 OT1 T
Boisbriand Armada 3 0 2 0 5
Drummondville Voltigeurs 3 1 1 1 6
Shots
1 2 3 OT1 T
Boisbriand Armada 15 1 14 0 30
Drummondville Voltigeurs 18 9 11 1 39

1st period

1. Boisbriand Armada , Pavel Gogolev 2 (Nolan Patrick 3) at 5:04 (PP)
2. Drummondville Voltigeurs , Curtis McKenzie 1 (Gage Quinney 1) at 11:18
3. Boisbriand Armada , Nolan Patrick 1 (Pavel Gogolev 1, Julien Gauthier 2) at 12:17
4. Drummondville Voltigeurs , Boris Katchouk 2 (Quinton Byfield 2) at 12:27
5. Boisbriand Armada , Alex Barre-Boulet 2 (Morgan Frost 6, Peyton Krebs 2) at 14:43
6. Drummondville Voltigeurs , Quinton Byfield 2 (Sampo Ranta 2, Brady Lyle 2) at 18:20

Penalties :
Boris Katchouk (VOL) for Tripping (Minor) at 4:57

2nd period

7. Drummondville Voltigeurs , Quinton Byfield 3 (Boris Katchouk 3) at 4:33

Penalties :
Alex Petrovic (VOL) for Interference (Minor) at 9:12

3rd period

8. Boisbriand Armada , Anthony Richard 1 (Otto Koivula 3) at 1:03
9. Boisbriand Armada , Nolan Patrick 2 (Pavel Gogolev 2) at 5:25 (PP)
10. Drummondville Voltigeurs , Alex Petrovic 1 (Boris Katchouk 4, Quinton Byfield 3) at 17:21 (PP)

Penalties :
Seth Helgeson (VOL) for Holding (Minor) at 5:20, Alex Petrovic (VOL) for Holding (Minor) at 11:57, Peyton Krebs (ARM) for Hooking (Minor) at 16:38

Overtime #1

11. Drummondville Voltigeurs , Isac Lundestrom 3 (Phillip Di Giuseppe 3) at 0:09

Penalties :
No Penalty

Goalie Stats

Michael DiPietro (ARM), 33 saves from 39 shots - (0,846), OTL, 2-1-1, 60:09 minutes
Matiss Kivlenieks (VOL), 25 saves from 30 shots - (0,833), W, 2-1-0, 60:09 minutes

Players Stats for Boisbriand Armada

Player Name              G  A  P  +/- PIM S  H  SB GA TA FO     MP     PP MP  PK MP  
------------------------------------------------------------------------------------
Alex Barre-Boulet        1  0  1   0  0   2  4  0  1  0  1/1    18:33   1:45   0:00 
Anthony Richard          1  0  1   0  0   4  2  0  0  1  3/4    14:19   0:00   0:00 
Darren Raddysh           0  0  0   0  0   1  0  0  1  1  0/0    19:41   1:43   0:00 
Dominik Bokk             0  0  0   0  0   3  0  0  2  0  0/0    14:59   0:15   0:00 
Donovan Sebrango         0  0  0   1  0   0  0  0  0  0  0/0    13:09   0:00   0:00 
Gabriel Gagne            0  0  0  -1  0   0  3  2  0  0  0/0     6:39   0:00   0:00 
Henry Bowlby             0  0  0  -1  0   0  1  0  0  0  1/4     6:39   0:00   0:00 
Jeremy Roy               0  0  0   1  0   0  0  0  0  0  0/0    13:09   0:00   0:00 
Julien Gauthier          0  1  1  -1  0   1  4  1  0  0  3/3    20:05   2:10   0:43 
Mason Primeau            0  0  0   0  0   0  0  0  0  0  0/0     2:25   0:21   0:00 
Morgan Frost             0  1  1   0  0   7  1  2  1  1  6/17   18:29   1:45   0:00 
Nolan Patrick            2  1  3  -2  0   4  0  3  1  2  16/33  25:18   2:09   0:43 
Otto Koivula             0  1  1   0  0   1  0  0  1  0  0/0    14:16   0:07   0:00 
Pavel Gogolev            1  2  3   0  0   2  1  0  1  0  0/1    19:23   2:13   0:00 
Peyton Krebs             0  1  1   0  2   2  2  0  1  0  1/3    18:29   1:45   0:00 
Pierre-Olivier Joseph    0  0  0  -3  0   3  0  0  0  0  0/0    27:19   2:27   0:43 
Wyatte Wylie             0  0  0   0  0   0  3  1  0  2  0/0    19:41   1:43   0:00 
Xavier Ouellet           0  0  0  -3  0   0  2  1  0  2  0/0    27:19   2:27   0:43 

Players Stats for Drummondville Voltigeurs

Player Name              G  A  P  +/- PIM S  H  SB GA TA FO     MP     PP MP  PK MP  
------------------------------------------------------------------------------------
Alex Petrovic            1  0  1   2  4   3  1  0  1  1  0/0    25:45   0:43   0:12 
Blade Jenkins            0  0  0   0  0   0  0  0  1  0  1/1     7:59   0:00   0:00 
Boris Katchouk           1  2  3   3  2   6  0  0  1  1  0/1    15:33   0:43   0:00 
Brady Lyle               0  1  1   2  0   2  1  1  0  2  0/0    28:12   0:43   2:40 
Curtis McKenzie          1  0  1   0  0   1  3  0  0  0  0/0    12:13   0:00   0:00 
Gage Quinney             0  1  1   0  0   3  1  0  0  1  4/8    13:41   0:00   0:58 
Isac Lundestrom          1  0  1  -1  0   5  1  0  0  1  18/32  21:26   0:00   2:09 
Jean-Sebastien Dea       0  0  0   0  0   3  1  0  1  0  0/2     9:36   0:00   1:05 
Julius Honka             0  0  0  -1  0   1  0  0  0  1  0/0    15:38   0:00   2:09 
Kristian Reichel         0  0  0   0  0   0  0  0  0  0  0/0     8:41   0:00   0:00 
Markus Niemelainen       0  0  0   1  0   1  1  0  0  1  0/0    18:21   0:00   1:15 
Mitchell Chaffee         0  0  0   0  0   1  1  0  0  0  0/0    12:13   0:00   0:00 
Nicholas Merkley         0  0  0  -2  0   3  0  0  2  0  0/1    20:22   0:00   1:03 
Phillip Di Giuseppe      0  1  1  -1  0   4  1  1  2  1  3/6    21:20   0:00   2:02 
Quinton Byfield          2  2  4   3  0   5  4  0  1  0  9/14   16:58   0:43   1:03 
Sampo Ranta              0  1  1   3  0   0  2  0  0  0  0/1    15:50   0:43   0:00 
Seth Helgeson            0  0  0  -1  2   0  0  1  0  0  0/0    13:47   0:00   0:15 
Ville Heinola            0  0  0   1  0   1  1  0  0  0  0/0    18:47   0:00   1:49 

3 Stars

1 - Quinton Byfield (VOL)
2 - Boris Katchouk (VOL)
3 - Nolan Patrick (ARM)

Power Play

Boisbriand Armada - 2 on 4 Attempt(s) - 50,00%
Drummondville Voltigeurs - 1 on 1 Attempt(s) - 100,00%

Penalty Kill

Boisbriand Armada - 0 on 1 Attempt(s) - 0,00% - Score 0 goal in Penalty Kill
Drummondville Voltigeurs - 2 on 4 Attempt(s) - 50,00% - Score 0 goal in Penalty Kill

Team Stat

Boisbriand Armada - Hits : 23 - Faceoff Wins : 31 - Blocked Shots : 10 - Penalty Minutes : 2
Drummondville Voltigeurs - Hits : 18 - Faceoff Wins : 35 - Blocked Shots : 3 - Penalty Minutes : 8

Official

Referees : Brad Meier and Kevin Pollock
Linesman : Bevan Mills and Steven Walsh

Game Notes

No Game Note

Boisbriand Armada

5 vs 5 Forward 
   Center                   Left Wing                Right Wing               Time % Phy DF OF 
 1 Nolan Patrick            Pavel Gogolev            Julien Gauthier          40     1   2  2  
 2 Morgan Frost             Peyton Krebs             Alex Barre-Boulet        30     1   2  2  
 3 Anthony Richard          Dominik Bokk             Otto Koivula             20     1   2  2  
 4 Henry Bowlby             Nolan Patrick            Gabriel Gagne            10     1   2  2  

5 vs 5 Defense 
   Defense                  Defense                                           Time % Phy DF OF 
 1 Pierre-Olivier Joseph    Xavier Ouellet                                    40     1   2  2  
 2 Darren Raddysh           Wyatte Wylie                                      30     1   2  2  
 3 Donovan Sebrango         Jeremy Roy                                        20     1   2  2  
 4 Pierre-Olivier Joseph    Xavier Ouellet                                    10     1   2  2  

PowerPlay Forward 
   Center                   Left Wing                Right Wing               Time % Phy DF OF 
 1 Nolan Patrick            Pavel Gogolev            Julien Gauthier          60     1   2  2  
 2 Morgan Frost             Peyton Krebs             Alex Barre-Boulet        40     1   2  2  

PowerPlay Defense
   Defense                  Defense                                           Time % Phy DF OF 
 1 Pierre-Olivier Joseph    Xavier Ouellet                                    60     1   2  2  
 2 Darren Raddysh           Wyatte Wylie                                      40     1   2  2  

Penalty Kill 4 Players Forward 
   Center                   Wing                     Time % Phy DF OF 
 1 Nolan Patrick            Julien Gauthier          60     1   2  2  
 2 Pavel Gogolev            Morgan Frost             40     1   2  2  

Penalty Kill 4 Players Defense
   Defense                  Defense                  Time % Phy DF OF 
 1 Pierre-Olivier Joseph    Xavier Ouellet           60     1   2  2  
 2 Darren Raddysh           Wyatte Wylie             40     1   2  2  

Penalty Kill - 3 Players Forward 
   Forward                                           Time % Phy DF OF 
 1 Nolan Patrick                                     60     1   2  2  
 2 Julien Gauthier                                   40     1   2  2  

Penalty Kill - 3 Players Defense
   Defense                  Defense                  Time % Phy DF OF 
 1 Pierre-Olivier Joseph    Xavier Ouellet           60     1   2  2  
 2 Darren Raddysh           Wyatte Wylie             40     1   2  2  

4 vs 4 Forward 
   Center                   Wing                     Time % Phy DF OF 
 1 Nolan Patrick            Julien Gauthier          60     1   2  2  
 2 Pavel Gogolev            Morgan Frost             40     1   2  2  

4 vs 4 Defense
   Defense                  Defense                  Time % Phy DF OF 
 1 Pierre-Olivier Joseph    Xavier Ouellet           60     1   2  2  
 2 Darren Raddysh           Wyatte Wylie             40     1   2  2  

Last Minutes Offensive
   Center                   Left Wing                Right Wing               Defense                  Defense                  
   Nolan Patrick            Pavel Gogolev            Julien Gauthier          Pierre-Olivier Joseph    Xavier Ouellet           

Last Minutes Defensive
   Center                   Left Wing                Right Wing               Defense                  Defense                  
   Nolan Patrick            Pavel Gogolev            Julien Gauthier          Pierre-Olivier Joseph    Xavier Ouellet           

Goaltenders
Starting : Michael DiPietro         
Backup : Hunter Jones             

Extra Forwards
Normal : Mason Primeau, Dominik Bokk, Anthony Richard - PP : Mason Primeau, Dominik Bokk - PK : Anthony Richard
Extra Defensemen
Normal : Donovan Sebrango, Jeremy Roy, Darren Raddysh - PP : Donovan Sebrango - PK : Jeremy Roy, Darren Raddysh
Penalty Shots
Nolan Patrick, Julien Gauthier, Pavel Gogolev, Morgan Frost, Peyton Krebs

Scratches
Jimmy Oligny (Healthy), Cameron Hebig (Healthy), Casey Fitzgerald (Healthy), Jakob Stukel (Healthy), Olivier Rodrigue (Healthy)
Veini Vehvilainen (Healthy)

Drummondville Voltigeurs

5 vs 5 Forward 
   Center                   Left Wing                Right Wing               Time % Phy DF OF 
 1 Isac Lundestrom          Phillip Di Giuseppe      Nicholas Merkley         40     1   2  2  
 2 Quinton Byfield          Boris Katchouk           Sampo Ranta              30     1   2  2  
 3 Gage Quinney             Curtis McKenzie          Mitchell Chaffee         20     1   2  2  
 4 Jean-Sebastien Dea       Blade Jenkins            Kristian Reichel         10     1   2  2  

5 vs 5 Defense 
   Defense                  Defense                                           Time % Phy DF OF 
 1 Alex Petrovic            Brady Lyle                                        40     1   2  2  
 2 Ville Heinola            Markus Niemelainen                                30     1   2  2  
 3 Seth Helgeson            Julius Honka                                      20     1   2  2  
 4 Alex Petrovic            Brady Lyle                                        10     1   2  2  

PowerPlay Forward 
   Center                   Left Wing                Right Wing               Time % Phy DF OF 
 1 Isac Lundestrom          Phillip Di Giuseppe      Nicholas Merkley         60     1   2  2  
 2 Quinton Byfield          Boris Katchouk           Sampo Ranta              40     1   2  2  

PowerPlay Defense
   Defense                  Defense                                           Time % Phy DF OF 
 1 Alex Petrovic            Brady Lyle                                        60     1   2  2  
 2 Ville Heinola            Markus Niemelainen                                40     1   2  2  

Penalty Kill 4 Players Forward 
   Center                   Wing                     Time % Phy DF OF 
 1 Isac Lundestrom          Phillip Di Giuseppe      60     1   2  2  
 2 Nicholas Merkley         Quinton Byfield          40     1   2  2  

Penalty Kill 4 Players Defense
   Defense                  Defense                  Time % Phy DF OF 
 1 Alex Petrovic            Brady Lyle               60     1   2  2  
 2 Ville Heinola            Markus Niemelainen       40     1   2  2  

Penalty Kill - 3 Players Forward 
   Forward                                           Time % Phy DF OF 
 1 Isac Lundestrom                                   60     1   2  2  
 2 Phillip Di Giuseppe                               40     1   2  2  

Penalty Kill - 3 Players Defense
   Defense                  Defense                  Time % Phy DF OF 
 1 Alex Petrovic            Brady Lyle               60     1   2  2  
 2 Ville Heinola            Markus Niemelainen       40     1   2  2  

4 vs 4 Forward 
   Center                   Wing                     Time % Phy DF OF 
 1 Isac Lundestrom          Phillip Di Giuseppe      60     1   2  2  
 2 Nicholas Merkley         Quinton Byfield          40     1   2  2  

4 vs 4 Defense
   Defense                  Defense                  Time % Phy DF OF 
 1 Alex Petrovic            Brady Lyle               60     1   2  2  
 2 Ville Heinola            Markus Niemelainen       40     1   2  2  

Last Minutes Offensive
   Center                   Left Wing                Right Wing               Defense                  Defense                  
   Isac Lundestrom          Phillip Di Giuseppe      Nicholas Merkley         Alex Petrovic            Brady Lyle               

Last Minutes Defensive
   Center                   Left Wing                Right Wing               Defense                  Defense                  
   Isac Lundestrom          Phillip Di Giuseppe      Nicholas Merkley         Alex Petrovic            Brady Lyle               

Goaltenders
Starting : Matiss Kivlenieks        
Backup : Samuel Montembeault      

Extra Forwards
Normal : Kristian Reichel, Gage Quinney, Jean-Sebastien Dea - PP : Kristian Reichel, Gage Quinney - PK : Jean-Sebastien Dea
Extra Defensemen
Normal : Seth Helgeson, Julius Honka, Ville Heinola - PP : Seth Helgeson - PK : Julius Honka, Ville Heinola
Penalty Shots
Isac Lundestrom, Phillip Di Giuseppe, Nicholas Merkley, Quinton Byfield, Boris Katchouk

Scratches
Jonathan Davidsson (Healthy), Sam Miletic (Healthy), Michal Teply (Healthy), Zach Nastasiuk (Healthy), Adam Wilcox (Healthy)
Arturs Silovs (Healthy)

% Time on Ice - Boisbriand Armada

Lines # - Real PCT - Wanted PCT - Time Play
Normal Forward
1 - 32% - 40% - 17:46
2 - 30% - 30% - 16:44
3 - 25% - 20% - 13:58
4 - 12% - 10% - 6:39
Normal Defense
1 - 37% - 40% - 20:14
2 - 33% - 30% - 17:58
3 - 24% - 20% - 13:09
4 - 7% - 10% - 3:46
PP Forward
1 - 58% - 60% - 2:25
2 - 42% - 40% - 1:45
PP Defense
1 - 59% - 60% - 2:27
2 - 41% - 40% - 1:43
PK Forward
1 - 100% - 60% - 0:43
2 - 0% - 40% - 0:00
PK Defense
1 - 100% - 60% - 0:43
2 - 0% - 40% - 0:00
PK3 Forward
1 - 0% - 60%
2 - 0% - 40%
PK3 Defense
1 - 0% - 60%
2 - 0% - 40%
44 Forward
1 - 100% - 60% - 0:09
2 - 0% - 40% - 0:00
44 Defense
1 - 100% - 60% - 0:09
2 - 0% - 40% - 0:00
Last Minute Offensive  - 0:00
Last Minute Defensive  - 0:00
Total
Forward - 60:09
Defense - 60:09

% Time on Ice - Drummondville Voltigeurs

Lines # - Real PCT - Wanted PCT - Time Play
Normal Forward
1 - 36% - 40% - 19:43
2 - 28% - 30% - 15:12
3 - 22% - 20% - 12:13
4 - 14% - 10% - 7:59
Normal Defense
1 - 39% - 40% - 21:14
2 - 30% - 30% - 16:43
3 - 24% - 20% - 13:29
4 - 7% - 10% - 3:41
PP Forward
1 - 0% - 60% - 0:00
2 - 100% - 40% - 0:43
PP Defense
1 - 100% - 60% - 0:43
2 - 0% - 40% - 0:00
PK Forward
1 - 75% - 60% - 3:07
2 - 25% - 40% - 1:03
PK Defense
1 - 70% - 60% - 2:55
2 - 30% - 40% - 1:15
PK3 Forward
1 - 0% - 60%
2 - 0% - 40%
PK3 Defense
1 - 0% - 60%
2 - 0% - 40%
44 Forward
1 - 100% - 60% - 0:09
2 - 0% - 40% - 0:00
44 Defense
1 - 100% - 60% - 0:09
2 - 0% - 40% - 0:00
Last Minute Offensive  - 0:00
Last Minute Defensive  - 0:00
Total
Forward - 60:09
Defense - 60:09

Play-by-Play

1st period


0:01 of 1st period - Nolan Patrick wins face-off versus Isac Lundestrom in neutral zone.
0:10 of 1st period - Snap shot by Pavel Gogolev.
0:10 of 1st period - Stopped by Matiss Kivlenieks without a rebound.
0:11 of 1st period - Quinton Byfield wins face-off versus Morgan Frost in Drummondville Voltigeurs zone.
0:22 of 1st period - Wrist shot by Morgan Frost.
0:22 of 1st period - Shot Misses the Net.
1:14 of 1st period - Icing by Wyatte Wylie.
1:15 of 1st period - Blade Jenkins wins face-off versus Henry Bowlby in Boisbriand Armada zone.
1:38 of 1st period - Peyton Krebs is hit by Sampo Ranta and loses puck.
2:28 of 1st period - Wrist shot by Gage Quinney.
2:28 of 1st period - Shot Misses the Net.
2:58 of 1st period - Snap shot by Kristian Reichel.
2:58 of 1st period - Shot Misses the Net.
3:00 of 1st period - Slapshot by Alex Petrovic.
3:00 of 1st period - Shot Blocked by Xavier Ouellet.
3:02 of 1st period - Slapshot by Alex Petrovic.
3:02 of 1st period - Deflect By Jean-Sebastien Dea.
3:02 of 1st period - Deflect By Peyton Krebs.
3:02 of 1st period - Shot Misses the Net.
3:02 of 1st period - Puck is out of play.
3:03 of 1st period - Phillip Di Giuseppe wins face-off versus Morgan Frost in Boisbriand Armada zone.
3:55 of 1st period - Wrist shot by Henry Bowlby.
3:55 of 1st period - Shot Misses the Net.
4:19 of 1st period - Snap shot by Jean-Sebastien Dea.
4:19 of 1st period - Stopped by Michael DiPietro without a rebound.
4:20 of 1st period - Nolan Patrick wins face-off versus Isac Lundestrom in Boisbriand Armada zone.
4:57 of 1st period - Minor Penalty to Boris Katchouk for Tripping.
4:58 of 1st period - Nolan Patrick wins face-off versus Isac Lundestrom in Drummondville Voltigeurs zone.
4:58 of 1st period - Snap shot by Pavel Gogolev.
4:58 of 1st period - Deflect By Nolan Patrick.
4:58 of 1st period - Shot Misses the Net.
4:58 of 1st period - Puck is out of play.
4:59 of 1st period - Phillip Di Giuseppe wins face-off versus Nolan Patrick in Drummondville Voltigeurs zone.
5:04 of 1st period - Slapshot by Pavel Gogolev.
5:04 of 1st period - Goal by Pavel Gogolev - Boisbriand Armada : 1 - Drummondville Voltigeurs : 0.
5:05 of 1st period - Nolan Patrick wins face-off versus Isac Lundestrom in neutral zone.
5:14 of 1st period - Snap shot by Pavel Gogolev.
5:14 of 1st period - Shot Misses the Net.
5:30 of 1st period - Markus Niemelainen is hit by Peyton Krebs and loses puck.
5:37 of 1st period - Slapshot by Morgan Frost.
5:37 of 1st period - Stopped by Matiss Kivlenieks with a rebound.
6:24 of 1st period - Snap shot by Isac Lundestrom.
6:24 of 1st period - Shot Misses the Net.
6:26 of 1st period - Snap shot by Isac Lundestrom.
6:26 of 1st period - Shot Blocked by Julien Gauthier.
7:00 of 1st period - Henry Bowlby is hit by Quinton Byfield and loses puck.
7:30 of 1st period - Off-side.
7:31 of 1st period - Isac Lundestrom wins face-off versus Peyton Krebs in neutral zone.
7:48 of 1st period - Icing by Wyatte Wylie.
7:49 of 1st period - Quinton Byfield wins face-off versus Morgan Frost in Boisbriand Armada zone.
8:21 of 1st period - Wrist shot by Isac Lundestrom.
8:21 of 1st period - Stopped by Michael DiPietro with a rebound.
8:23 of 1st period - Snap shot by Phillip Di Giuseppe.
8:23 of 1st period - Shot Blocked by Nolan Patrick.
8:37 of 1st period - Slapshot by Mitchell Chaffee.
8:37 of 1st period - Deflect By Gage Quinney.
8:37 of 1st period - Shot Misses the Net.
8:37 of 1st period - Puck is out of play.
8:38 of 1st period - Anthony Richard wins face-off versus Quinton Byfield in Boisbriand Armada zone.
9:03 of 1st period - Brady Lyle is hit by Pavel Gogolev.
9:33 of 1st period - Snap shot by Gage Quinney.
9:33 of 1st period - Stopped by Michael DiPietro with a rebound.
9:43 of 1st period - Slapshot by Boris Katchouk.
9:43 of 1st period - Shot Misses the Net.
9:45 of 1st period - Wrist shot by Boris Katchouk.
9:45 of 1st period - Stopped by Michael DiPietro with a rebound.
9:47 of 1st period - Snap shot by Boris Katchouk.
9:47 of 1st period - Stopped by Michael DiPietro without a rebound.
9:48 of 1st period - Julien Gauthier wins face-off versus Sampo Ranta in Boisbriand Armada zone.
9:55 of 1st period - Snap shot by Pavel Gogolev.
9:55 of 1st period - Shot Misses the Net.
11:01 of 1st period - Wrist shot by Anthony Richard.
11:01 of 1st period - Stopped by Matiss Kivlenieks with a rebound.
11:04 of 1st period - Icing by Gage Quinney.
11:05 of 1st period - Gage Quinney wins face-off versus Nolan Patrick in Drummondville Voltigeurs zone.
11:10 of 1st period - Wrist shot by Gage Quinney.
11:10 of 1st period - Stopped by Michael DiPietro with a rebound.
11:12 of 1st period - Wrist shot by Gage Quinney.
11:12 of 1st period - Shot Misses the Net.
11:16 of 1st period - Slapshot by Gage Quinney.
11:16 of 1st period - Stopped by Michael DiPietro with a rebound.
11:18 of 1st period - Wrist shot by Curtis McKenzie.
11:18 of 1st period - Goal by Curtis McKenzie - Boisbriand Armada : 1 - Drummondville Voltigeurs : 1.
11:19 of 1st period - Julien Gauthier wins face-off versus Isac Lundestrom in neutral zone.
11:30 of 1st period - Snap shot by Isac Lundestrom.
11:30 of 1st period - Stopped by Michael DiPietro with a rebound.
11:32 of 1st period - Wrist shot by Nicholas Merkley.
11:32 of 1st period - Stopped by Michael DiPietro without a rebound.
11:33 of 1st period - Nolan Patrick wins face-off versus Isac Lundestrom in Boisbriand Armada zone.
11:45 of 1st period - Icing by Pierre-Olivier Joseph.
11:46 of 1st period - Isac Lundestrom wins face-off versus Nolan Patrick in Boisbriand Armada zone.
12:17 of 1st period - Slapshot by Nolan Patrick.
12:17 of 1st period - Goal by Nolan Patrick - Boisbriand Armada : 2 - Drummondville Voltigeurs : 1.
12:18 of 1st period - Quinton Byfield wins face-off versus Morgan Frost in neutral zone.
12:25 of 1st period - Slapshot by Quinton Byfield.
12:25 of 1st period - Shot Blocked by Morgan Frost.
12:27 of 1st period - Slapshot by Boris Katchouk.
12:27 of 1st period - Goal by Boris Katchouk - Boisbriand Armada : 2 - Drummondville Voltigeurs : 2.
12:28 of 1st period - Isac Lundestrom wins face-off versus Nolan Patrick in neutral zone.
12:58 of 1st period - Wrist shot by Alex Barre-Boulet.
12:58 of 1st period - Stopped by Matiss Kivlenieks without a rebound.
12:59 of 1st period - Quinton Byfield wins face-off versus Morgan Frost in Drummondville Voltigeurs zone.
13:10 of 1st period - Snap shot by Peyton Krebs.
13:10 of 1st period - Stopped by Matiss Kivlenieks without a rebound.
13:11 of 1st period - Nolan Patrick wins face-off versus Phillip Di Giuseppe in Drummondville Voltigeurs zone.
13:38 of 1st period - Brady Lyle is hit by Alex Barre-Boulet and loses puck.
13:49 of 1st period - Snap shot by Morgan Frost.
13:49 of 1st period - Stopped by Matiss Kivlenieks with a rebound.
14:23 of 1st period - Snap shot by Jean-Sebastien Dea.
14:23 of 1st period - Shot Misses the Net.
14:25 of 1st period - Snap shot by Blade Jenkins.
14:25 of 1st period - Shot Misses the Net.
14:29 of 1st period - Slapshot by Ville Heinola.
14:29 of 1st period - Stopped by Michael DiPietro without a rebound.
14:30 of 1st period - Morgan Frost wins face-off versus Isac Lundestrom in Boisbriand Armada zone.
14:43 of 1st period - Snap shot by Morgan Frost.
14:43 of 1st period - Deflect By Alex Barre-Boulet.
14:43 of 1st period - Goal by Alex Barre-Boulet - Boisbriand Armada : 3 - Drummondville Voltigeurs : 2.
14:44 of 1st period - Nolan Patrick wins face-off versus Isac Lundestrom in neutral zone.
14:59 of 1st period - Wrist shot by Isac Lundestrom.
14:59 of 1st period - Stopped by Michael DiPietro with a rebound.
15:19 of 1st period - Slapshot by Quinton Byfield.
15:19 of 1st period - Stopped by Michael DiPietro without a rebound.
15:20 of 1st period - Nolan Patrick wins face-off versus Quinton Byfield in Boisbriand Armada zone.
15:29 of 1st period - Boris Katchouk is hit by Wyatte Wylie and loses puck.
16:07 of 1st period - Snap shot by Jean-Sebastien Dea.
16:07 of 1st period - Stopped by Michael DiPietro without a rebound.
16:08 of 1st period - Alex Barre-Boulet wins face-off versus Jean-Sebastien Dea in Boisbriand Armada zone.
16:17 of 1st period - Snap shot by Peyton Krebs.
16:17 of 1st period - Shot Misses the Net.
16:19 of 1st period - Slapshot by Pierre-Olivier Joseph.
16:19 of 1st period - Shot Misses the Net.
16:21 of 1st period - Slapshot by Pierre-Olivier Joseph.
16:21 of 1st period - Deflect By Jean-Sebastien Dea.
16:21 of 1st period - Stopped by Matiss Kivlenieks without a rebound.
16:22 of 1st period - Nolan Patrick wins face-off versus Phillip Di Giuseppe in Drummondville Voltigeurs zone.
16:30 of 1st period - Icing by Isac Lundestrom.
16:31 of 1st period - Nolan Patrick wins face-off versus Isac Lundestrom in Drummondville Voltigeurs zone.
16:32 of 1st period - Wrist shot by Julien Gauthier.
16:32 of 1st period - Shot Blocked by Phillip Di Giuseppe.
16:51 of 1st period - Wrist shot by Isac Lundestrom.
16:51 of 1st period - Shot Misses the Net.
16:53 of 1st period - Snap shot by Alex Petrovic.
16:53 of 1st period - Shot Misses the Net.
16:55 of 1st period - Slapshot by Alex Petrovic.
16:55 of 1st period - Stopped by Michael DiPietro without a rebound.
16:56 of 1st period - Quinton Byfield wins face-off versus Morgan Frost in Boisbriand Armada zone.
17:03 of 1st period - Snap shot by Boris Katchouk.
17:03 of 1st period - Shot Misses the Net.
17:07 of 1st period - Snap shot by Boris Katchouk.
17:07 of 1st period - Stopped by Michael DiPietro without a rebound.
17:08 of 1st period - Nolan Patrick wins face-off versus Gage Quinney in Boisbriand Armada zone.
17:19 of 1st period - Snap shot by Julien Gauthier.
17:19 of 1st period - Shot Misses the Net.
17:37 of 1st period - Snap shot by Alex Barre-Boulet.
17:37 of 1st period - Shot Misses the Net.
17:39 of 1st period - Snap shot by Morgan Frost.
17:39 of 1st period - Stopped by Matiss Kivlenieks with a rebound.
17:41 of 1st period - Slapshot by Pierre-Olivier Joseph.
17:41 of 1st period - Stopped by Matiss Kivlenieks with a rebound.
17:43 of 1st period - Snap shot by Morgan Frost.
17:43 of 1st period - Stopped by Matiss Kivlenieks with a rebound.
17:45 of 1st period - Slapshot by Pierre-Olivier Joseph.
17:45 of 1st period - Stopped by Matiss Kivlenieks with a rebound.
17:55 of 1st period - Sampo Ranta is hit by Anthony Richard and loses puck.
18:08 of 1st period - Wrist shot by Brady Lyle.
18:08 of 1st period - Shot Misses the Net.
18:14 of 1st period - Wrist shot by Quinton Byfield.
18:14 of 1st period - Shot Blocked by Nolan Patrick.
18:16 of 1st period - Slapshot by Brady Lyle.
18:16 of 1st period - Shot Misses the Net.
18:20 of 1st period - Slapshot by Quinton Byfield.
18:20 of 1st period - Goal by Quinton Byfield - Boisbriand Armada : 3 - Drummondville Voltigeurs : 3.
18:21 of 1st period - Isac Lundestrom wins face-off versus Nolan Patrick in neutral zone.
18:24 of 1st period - Pierre-Olivier Joseph is hit by Isac Lundestrom and loses puck.
19:16 of 1st period - Snap shot by Dominik Bokk.
19:16 of 1st period - Stopped by Matiss Kivlenieks with a rebound.
19:18 of 1st period - Snap shot by Otto Koivula.
19:18 of 1st period - Shot Misses the Net.
19:31 of 1st period - Icing by Seth Helgeson.
19:32 of 1st period - Quinton Byfield wins face-off versus Henry Bowlby in Drummondville Voltigeurs zone.
Goals for this period are 3 for Boisbriand Armada vs 3 for Drummondville Voltigeurs.
Shots for this period are 15 for Boisbriand Armada vs 18 for Drummondville Voltigeurs.

2nd period


0:01 of 2nd period - Isac Lundestrom wins face-off versus Nolan Patrick in neutral zone.
0:13 of 2nd period - Off-side.
0:14 of 2nd period - Gage Quinney wins face-off versus Nolan Patrick in neutral zone.
0:27 of 2nd period - Snap shot by Mitchell Chaffee.
0:27 of 2nd period - Stopped by Michael DiPietro without a rebound.
0:28 of 2nd period - Morgan Frost wins face-off versus Phillip Di Giuseppe in Boisbriand Armada zone.
1:35 of 2nd period - Jean-Sebastien Dea is hit by Gabriel Gagne and loses puck.
1:44 of 2nd period - Slapshot by Henry Bowlby.
1:44 of 2nd period - Shot Blocked by Seth Helgeson.
2:16 of 2nd period - Snap shot by Nolan Patrick.
2:16 of 2nd period - Shot Misses the Net.
2:45 of 2nd period - Snap shot by Quinton Byfield.
2:45 of 2nd period - Deflect By Boris Katchouk.
2:45 of 2nd period - Shot Misses the Net.
2:45 of 2nd period - Puck is out of play.
2:46 of 2nd period - Isac Lundestrom wins face-off versus Henry Bowlby in Boisbriand Armada zone.
2:57 of 2nd period - Phillip Di Giuseppe is hit by Gabriel Gagne and loses puck.
3:55 of 2nd period - Slapshot by Jean-Sebastien Dea.
3:55 of 2nd period - Stopped by Michael DiPietro with a rebound.
3:57 of 2nd period - Slapshot by Julius Honka.
3:57 of 2nd period - Stopped by Michael DiPietro with a rebound.
3:59 of 2nd period - Snap shot by Blade Jenkins.
3:59 of 2nd period - Shot Misses the Net.
4:01 of 2nd period - Slapshot by Ville Heinola.
4:01 of 2nd period - Deflect By Jean-Sebastien Dea.
4:01 of 2nd period - Shot Blocked by Wyatte Wylie.
4:01 of 2nd period - Puck is out of play.
4:02 of 2nd period - Isac Lundestrom wins face-off versus Morgan Frost in Boisbriand Armada zone.
4:13 of 2nd period - Xavier Ouellet is hit by Markus Niemelainen and loses puck.
4:26 of 2nd period - Xavier Ouellet is hit by Sampo Ranta and loses puck.
4:33 of 2nd period - Wrist shot by Quinton Byfield.
4:33 of 2nd period - Goal by Quinton Byfield - Boisbriand Armada : 3 - Drummondville Voltigeurs : 4.
4:34 of 2nd period - Nolan Patrick wins face-off versus Nicholas Merkley in neutral zone.
4:43 of 2nd period - Wrist shot by Phillip Di Giuseppe.
4:43 of 2nd period - Stopped by Michael DiPietro without a rebound.
4:44 of 2nd period - Phillip Di Giuseppe wins face-off versus Nolan Patrick in Boisbriand Armada zone.
4:48 of 2nd period - Slapshot by Alex Petrovic.
4:48 of 2nd period - Deflect By Phillip Di Giuseppe.
4:48 of 2nd period - Stopped by Michael DiPietro with a rebound.
5:56 of 2nd period - Wrist shot by Isac Lundestrom.
5:56 of 2nd period - Shot Misses the Net.
5:58 of 2nd period - Snap shot by Isac Lundestrom.
5:58 of 2nd period - Shot Misses the Net.
6:12 of 2nd period - Wrist shot by Nicholas Merkley.
6:12 of 2nd period - Stopped by Michael DiPietro without a rebound.
6:13 of 2nd period - Morgan Frost wins face-off versus Quinton Byfield in Boisbriand Armada zone.
6:20 of 2nd period - Wrist shot by Morgan Frost.
6:20 of 2nd period - Shot Misses the Net.
6:38 of 2nd period - Gage Quinney is hit by Anthony Richard and loses puck.
7:01 of 2nd period - Wrist shot by Kristian Reichel.
7:01 of 2nd period - Shot Misses the Net.
7:03 of 2nd period - Slapshot by Seth Helgeson.
7:03 of 2nd period - Shot Blocked by Morgan Frost.
7:50 of 2nd period - Alex Barre-Boulet is hit by Curtis McKenzie and loses puck.
8:25 of 2nd period - Off-side.
8:26 of 2nd period - Morgan Frost wins face-off versus Gage Quinney in neutral zone.
8:51 of 2nd period - Kristian Reichel is hit by Henry Bowlby.
8:55 of 2nd period - Snap shot by Kristian Reichel.
8:55 of 2nd period - Deflect By Jean-Sebastien Dea.
8:55 of 2nd period - Shot Blocked by Gabriel Gagne.
8:55 of 2nd period - Puck is out of play.
8:56 of 2nd period - Nolan Patrick wins face-off versus Isac Lundestrom in Boisbriand Armada zone.
8:56 of 2nd period - Nolan Patrick is hit by Alex Petrovic.
9:12 of 2nd period - Minor Penalty to Alex Petrovic for Interference.
9:13 of 2nd period - Isac Lundestrom wins face-off versus Nolan Patrick in Drummondville Voltigeurs zone.
11:12 of 2nd period - Penalty to Alex Petrovic is over, Alex Petrovic is back on ice.
11:48 of 2nd period - Slapshot by Alex Petrovic.
11:48 of 2nd period - Stopped by Michael DiPietro with a rebound.
11:50 of 2nd period - Slapshot by Brady Lyle.
11:50 of 2nd period - Stopped by Michael DiPietro without a rebound.
11:51 of 2nd period - Henry Bowlby wins face-off versus Jean-Sebastien Dea in Boisbriand Armada zone.
12:04 of 2nd period - Wrist shot by Blade Jenkins.
12:04 of 2nd period - Shot Blocked by Gabriel Gagne.
12:14 of 2nd period - Mitchell Chaffee is hit by Alex Barre-Boulet and loses puck.
12:23 of 2nd period - Wrist shot by Morgan Frost.
12:23 of 2nd period - Shot Misses the Net.
12:25 of 2nd period - Slapshot by Darren Raddysh.
12:25 of 2nd period - Shot Misses the Net.
12:59 of 2nd period - Snap shot by Boris Katchouk.
12:59 of 2nd period - Shot Misses the Net.
13:30 of 2nd period - Snap shot by Nolan Patrick.
13:30 of 2nd period - Stopped by Matiss Kivlenieks with a rebound.
13:33 of 2nd period - Icing by Brady Lyle.
13:34 of 2nd period - Morgan Frost wins face-off versus Gage Quinney in Drummondville Voltigeurs zone.
16:18 of 2nd period - Alex Petrovic is hit by Wyatte Wylie and loses puck.
16:40 of 2nd period - Snap shot by Nicholas Merkley.
16:40 of 2nd period - Shot Misses the Net.
16:52 of 2nd period - Snap shot by Dominik Bokk.
16:52 of 2nd period - Shot Misses the Net.
16:56 of 2nd period - Snap shot by Dominik Bokk.
16:56 of 2nd period - Shot Misses the Net.
17:11 of 2nd period - Ville Heinola is hit by Julien Gauthier and loses puck.
17:40 of 2nd period - Seth Helgeson is hit by Wyatte Wylie and loses puck.
18:01 of 2nd period - Julius Honka is hit by Gabriel Gagne and loses puck.
18:42 of 2nd period - Slapshot by Xavier Ouellet.
18:42 of 2nd period - Shot Misses the Net.
18:58 of 2nd period - Phillip Di Giuseppe is hit by Julien Gauthier and loses puck.
19:21 of 2nd period - Darren Raddysh is hit by Mitchell Chaffee and loses puck.
19:45 of 2nd period - Morgan Frost is hit by Jean-Sebastien Dea and loses puck.
Goals for this period are 0 for Boisbriand Armada vs 1 for Drummondville Voltigeurs.
Shots for this period are 1 for Boisbriand Armada vs 9 for Drummondville Voltigeurs.

3rd period


0:01 of 3rd period - Isac Lundestrom wins face-off versus Nolan Patrick in neutral zone.
0:04 of 3rd period - Wrist shot by Phillip Di Giuseppe.
0:04 of 3rd period - Stopped by Michael DiPietro with a rebound.
0:38 of 3rd period - Peyton Krebs is hit by Quinton Byfield and loses puck.
1:01 of 3rd period - Slapshot by Otto Koivula.
1:01 of 3rd period - Deflect By Anthony Richard.
1:01 of 3rd period - Stopped by Matiss Kivlenieks with a rebound.
1:03 of 3rd period - Backhand shot by Anthony Richard.
1:03 of 3rd period - Goal by Anthony Richard - Boisbriand Armada : 4 - Drummondville Voltigeurs : 4.
1:04 of 3rd period - Isac Lundestrom wins face-off versus Nolan Patrick in neutral zone.
1:07 of 3rd period - Snap shot by Nicholas Merkley.
1:07 of 3rd period - Stopped by Michael DiPietro with a rebound.
1:09 of 3rd period - Backhand shot by Markus Niemelainen.
1:09 of 3rd period - Shot Misses the Net.
1:11 of 3rd period - Slapshot by Markus Niemelainen.
1:11 of 3rd period - Stopped by Michael DiPietro with a rebound.
1:13 of 3rd period - Snap shot by Phillip Di Giuseppe.
1:13 of 3rd period - Stopped by Michael DiPietro with a rebound.
1:37 of 3rd period - Wrist shot by Quinton Byfield.
1:37 of 3rd period - Stopped by Michael DiPietro without a rebound.
1:38 of 3rd period - Peyton Krebs wins face-off versus Quinton Byfield in Boisbriand Armada zone.
1:47 of 3rd period - Boris Katchouk is hit by Alex Barre-Boulet.
1:51 of 3rd period - Backhand shot by Brady Lyle.
1:51 of 3rd period - Stopped by Michael DiPietro with a rebound.
1:59 of 3rd period - Brady Lyle is hit by Alex Barre-Boulet and loses puck.
2:16 of 3rd period - Wrist shot by Peyton Krebs.
2:16 of 3rd period - Shot Misses the Net.
2:18 of 3rd period - Wrist shot by Morgan Frost.
2:18 of 3rd period - Stopped by Matiss Kivlenieks without a rebound.
2:19 of 3rd period - Isac Lundestrom wins face-off versus Nolan Patrick in Drummondville Voltigeurs zone.
2:44 of 3rd period - Pierre-Olivier Joseph is hit by Gage Quinney and loses puck.
4:01 of 3rd period - Icing by Darren Raddysh.
4:02 of 3rd period - Gage Quinney wins face-off versus Morgan Frost in Boisbriand Armada zone.
4:17 of 3rd period - Snap shot by Morgan Frost.
4:17 of 3rd period - Stopped by Matiss Kivlenieks with a rebound.
4:36 of 3rd period - Wrist shot by Dominik Bokk.
4:36 of 3rd period - Stopped by Matiss Kivlenieks with a rebound.
4:47 of 3rd period - Off-side.
4:48 of 3rd period - Julien Gauthier wins face-off versus Boris Katchouk in neutral zone.
5:20 of 3rd period - Minor Penalty to Seth Helgeson for Holding.
5:21 of 3rd period - Nolan Patrick wins face-off versus Isac Lundestrom in Drummondville Voltigeurs zone.
5:23 of 3rd period - Wrist shot by Nolan Patrick.
5:23 of 3rd period - Deflect By Alex Petrovic.
5:23 of 3rd period - Stopped by Matiss Kivlenieks with a rebound.
5:25 of 3rd period - Snap shot by Nolan Patrick.
5:25 of 3rd period - Goal by Nolan Patrick - Boisbriand Armada : 5 - Drummondville Voltigeurs : 4.
5:26 of 3rd period - Isac Lundestrom wins face-off versus Nolan Patrick in neutral zone.
5:51 of 3rd period - Slapshot by Dominik Bokk.
5:51 of 3rd period - Stopped by Matiss Kivlenieks with a rebound.
6:27 of 3rd period - Wrist shot by Boris Katchouk.
6:27 of 3rd period - Stopped by Michael DiPietro without a rebound.
6:28 of 3rd period - Nolan Patrick wins face-off versus Gage Quinney in Boisbriand Armada zone.
6:40 of 3rd period - Nolan Patrick is hit by Curtis McKenzie and loses puck.
6:55 of 3rd period - Morgan Frost is hit by Ville Heinola and loses puck.
7:14 of 3rd period - Wrist shot by Otto Koivula.
7:14 of 3rd period - Stopped by Matiss Kivlenieks with a rebound.
7:16 of 3rd period - Slapshot by Dominik Bokk.
7:16 of 3rd period - Shot Misses the Net.
7:18 of 3rd period - Slapshot by Darren Raddysh.
7:18 of 3rd period - Deflect By Anthony Richard.
7:18 of 3rd period - Shot Misses the Net.
7:18 of 3rd period - Puck is out of play.
7:19 of 3rd period - Anthony Richard wins face-off versus Isac Lundestrom in Drummondville Voltigeurs zone.
7:42 of 3rd period - Otto Koivula is hit by Quinton Byfield and loses puck.
7:48 of 3rd period - Jeremy Roy is hit by Quinton Byfield.
8:07 of 3rd period - Icing by Gage Quinney.
8:08 of 3rd period - Gage Quinney wins face-off versus Pavel Gogolev in Drummondville Voltigeurs zone.
8:32 of 3rd period - Slapshot by Nolan Patrick.
8:32 of 3rd period - Shot Blocked by Brady Lyle.
8:45 of 3rd period - Off-side.
8:46 of 3rd period - Isac Lundestrom wins face-off versus Morgan Frost in neutral zone.
8:57 of 3rd period - Isac Lundestrom is hit by Xavier Ouellet.
9:11 of 3rd period - Ville Heinola is hit by Xavier Ouellet and loses puck.
11:49 of 3rd period - Slapshot by Quinton Byfield.
11:49 of 3rd period - Stopped by Michael DiPietro without a rebound.
11:50 of 3rd period - Anthony Richard wins face-off versus Quinton Byfield in Boisbriand Armada zone.
11:50 of 3rd period - Anthony Richard is hit by Brady Lyle.
11:57 of 3rd period - Minor Penalty to Alex Petrovic for Holding.
11:58 of 3rd period - Isac Lundestrom wins face-off versus Nolan Patrick in Drummondville Voltigeurs zone.
12:23 of 3rd period - Phillip Di Giuseppe is hit by Morgan Frost and loses puck.
13:57 of 3rd period - Penalty to Alex Petrovic is over, Alex Petrovic is back on ice.
14:07 of 3rd period - Off-side.
14:08 of 3rd period - Quinton Byfield wins face-off versus Anthony Richard in neutral zone.
14:35 of 3rd period - Henry Bowlby is hit by Curtis McKenzie and loses puck.
15:23 of 3rd period - Wrist shot by Morgan Frost.
15:23 of 3rd period - Stopped by Matiss Kivlenieks without a rebound.
15:24 of 3rd period - Isac Lundestrom wins face-off versus Morgan Frost in Drummondville Voltigeurs zone.
15:28 of 3rd period - Off-side.
15:29 of 3rd period - Isac Lundestrom wins face-off versus Peyton Krebs in neutral zone.
15:55 of 3rd period - Alex Barre-Boulet is hit by Phillip Di Giuseppe.
16:03 of 3rd period - Snap shot by Peyton Krebs.
16:03 of 3rd period - Stopped by Matiss Kivlenieks with a rebound.
16:06 of 3rd period - Icing by Alex Petrovic.
16:07 of 3rd period - Isac Lundestrom wins face-off versus Nolan Patrick in Drummondville Voltigeurs zone.
16:07 of 3rd period - Isac Lundestrom is hit by Julien Gauthier.
16:15 of 3rd period - Slapshot by Julien Gauthier.
16:15 of 3rd period - Shot Misses the Net.
16:32 of 3rd period - Wrist shot by Phillip Di Giuseppe.
16:32 of 3rd period - Shot Misses the Net.
16:34 of 3rd period - Wrist shot by Isac Lundestrom.
16:34 of 3rd period - Stopped by Michael DiPietro without a rebound.
16:35 of 3rd period - Quinton Byfield wins face-off versus Morgan Frost in Boisbriand Armada zone.
16:36 of 3rd period - Snap shot by Boris Katchouk.
16:36 of 3rd period - Shot Misses the Net.
16:38 of 3rd period - Minor Penalty to Peyton Krebs for Hooking.
16:39 of 3rd period - Quinton Byfield wins face-off versus Nolan Patrick in Boisbriand Armada zone.
17:19 of 3rd period - Snap shot by Boris Katchouk.
17:19 of 3rd period - Stopped by Michael DiPietro with a rebound.
17:21 of 3rd period - Backhand shot by Alex Petrovic.
17:21 of 3rd period - Goal by Alex Petrovic - Boisbriand Armada : 5 - Drummondville Voltigeurs : 5.
17:22 of 3rd period - Morgan Frost wins face-off versus Isac Lundestrom in neutral zone.
17:34 of 3rd period - Nicholas Merkley is hit by Peyton Krebs and loses puck.
17:54 of 3rd period - Snap shot by Julien Gauthier.
17:54 of 3rd period - Stopped by Matiss Kivlenieks with a rebound.
17:56 of 3rd period - Slapshot by Darren Raddysh.
17:56 of 3rd period - Stopped by Matiss Kivlenieks with a rebound.
18:20 of 3rd period - Slapshot by Anthony Richard.
18:20 of 3rd period - Stopped by Matiss Kivlenieks with a rebound.
18:35 of 3rd period - Slapshot by Nicholas Merkley.
18:35 of 3rd period - Shot Blocked by Nolan Patrick.
18:41 of 3rd period - Nicholas Merkley is hit by Julien Gauthier and loses puck.
Goals for this period are 2 for Boisbriand Armada vs 1 for Drummondville Voltigeurs.
Shots for this period are 14 for Boisbriand Armada vs 11 for Drummondville Voltigeurs.

Overtime #1


0:01 of 1st overtime period - Nolan Patrick wins face-off versus Isac Lundestrom in neutral zone.
0:03 of 1st overtime period - Off-side.
0:04 of 1st overtime period - Isac Lundestrom wins face-off versus Nolan Patrick in neutral zone.
0:09 of 1st overtime period - Snap shot by Isac Lundestrom.
0:09 of 1st overtime period - Goal by Isac Lundestrom - Boisbriand Armada : 5 - Drummondville Voltigeurs : 6.
Goals for this period are 0 for Boisbriand Armada vs 1 for Drummondville Voltigeurs.
Shots for this period are 0 for Boisbriand Armada vs 1 for Drummondville Voltigeurs.